 Dungeon Crawl Stone Soup version 0.30-a0-777-ga9a30cbeda (webtiles) character file.

Game seed: 1475679304509089817

111 lunkers the Cutter (level 5, -1/45 HPs)
             Began as a Meteoran Fighter on Feb 14, 2023.
             Slain by a river rat (3 damage)
             ... in a sewer.
             The game lasted 00:03:38 (1536 turns).

lunkers the Cutter (Meteoran Fighter)               Turns: 1536, Time: 00:03:39

Health: -1/45      AC:  6    Str: 18    XL:     5   Next: 39%
Magic:  6/6        EV:  9    Int:  9    God:
Gold:   144        SH:  5    Dex: 15    Spells: 4/4 levels left

rFire   . . .      SeeInvis .    b - +2 short sword (holy)
rCold   . . .      Faith    .    c - +0 buckler
rNeg    . . .      Spirit   .    j - +0 scale mail
rPois   .          Reflect  .    (no helmet)
rElec   .          Harm     .    (no cloak)
rCorr   .          Rampage  .    (no gloves)
Will    .....                    (no boots) Stlth
                                 (no amulet)
HPRegen 0.27/turn                (no ring)
MPRegen 0.10/turn                (no ring)

@: glowing
A: sense surroundings 1, otherworldly, glowing, explore regen
a: no special abilities


You were in a sewer.
You visited 1 branch of the dungeon, and saw 3 of its levels.
You also visited: Sewer.

You collected 144 gold pieces.

Inventory:

Hand Weapons
 a - a +0 long sword
 b - a +2 short sword of holy wrath (weapon)
 s - a +1 dagger of pain
Armour
 c - a +0 buckler (worn)
 j - a +0 scale mail (worn)
Scrolls
 f - a scroll of immolation {unknown}
 g - a scroll of magic mapping {unknown}
 i - a scroll of identify {unknown}
 l - 3 scrolls of teleportation {unknown}
 n - a scroll of acquirement {unknown}
 o - a scroll of fog {unknown}
 q - a scroll of enchant armour {unknown}
 r - a scroll of noise {unknown}
Potions
 d - a potion of might
 e - a potion of degeneration {unknown}
 h - a potion of attraction {unknown}
 k - 3 potions of berserk rage {unknown}
 m - a potion of heal wounds {unknown}
 p - 3 potions of curing {unknown}


   Skills:
 - Level 3.2 Fighting
 + Level 4.1(4.7) Short Blades
 - Level 3.5(4.6) Long Blades
 - Level 3.6 Armour
 - Level 3.6 Shields


You had 4 spell levels left.
You didn't know any spells.
Your spell library was empty.

Dungeon Overview and Level Annotations

Branches:
Dungeon (3/15) Zot: 359     Sewer (1/1) Zot: 497

Altars:
Elyvilon


Innate Abilities, Weirdness & Mutations

You passively map a small area around you.
You are easily found by Zot.
You glow in the dark.
You regain HP and MP as you explore.


Message History

You barely miss the river rat. The rat barely misses you.
The river rat bites you!
* * * LOW HITPOINT WARNING * * *
You barely miss the river rat. You closely miss the river rat.
You block the river rat's attack. The rat bites you.
* * * LOW HITPOINT WARNING * * *
You hit the river rat but do no damage.
The river rat bites you but does no damage.
The rat barely misses you.
You barely miss the river rat. You block the river rat's attack.
You block the rat's attack.
You hit the river rat but do no damage. The river rat bites you.
* * * LOW HITPOINT WARNING * * *
The rat closely misses you.
You hit the rat.
You kill the rat!
The river rat closely misses you.
You hit the river rat.
The river rat is lightly wounded.
You hit the river rat but do no damage.
The river rat is lightly wounded.
You block the river rat's attack.
You barely miss the river rat.
The river rat is lightly wounded.
The river rat closely misses you.
You hit the river rat but do no damage.
The river rat is lightly wounded.
The river rat bites you.
* * * LOW HITPOINT WARNING * * *
You barely miss the river rat.
The river rat is lightly wounded.
The river rat barely misses you.
You hit the river rat.
The river rat is moderately wounded.
The river rat barely misses you.
You hit the river rat but do no damage.
The river rat is moderately wounded.
The river rat bites you.
You die...

~~~≈≈≈~~~~~~~....#
~~~~≈≈.††~≈~~....##
≈≈≈≈≈≈≈≈≈≈≈≈#.....#
##############....#
##...## ##...#
#...# ##...#
*#†@.## * #..†r# ~
~~ #.....# ~ ~~ ~
≈.....## ~
~≈~.....# *
~~~~....# ≈~≈~...##
~ ≈≈≈#.## *


You could see a river rat.

Vanquished Creatures
  An orc priest (D:3)
  An adder (D:3)
  A river rat (Sewer)
  A white imp (D:3)
  A dart slug (D:3)
  5 orcs (D:3)
  3 bats
  7 endoplasms
  2 giant cockroaches
  A goblin (D:2)
  6 hobgoblins
  7 ball pythons
  3 frilled lizards
  3 kobolds (D:1)
  9 rats
51 creatures vanquished.

Notes
Turn   | Place    | Note
-------+----------+-------------------------------------------
     0 | D:1      | lunkers the Meteoran Fighter began the quest for the Orb.
     0 | D:1      | Reached XP level 1. HP: 19/19 MP: 2/2
   157 | D:1      | Reached XP level 2. HP: 20/26 MP: 3/3
   457 | D:2      | Reached skill level 1 in Short Blades
   457 | D:2      | Reached XP level 3. HP: 31/31 MP: 4/4
   807 | D:2      | Found a white marble altar of Elyvilon.
  1065 | D:3      | Reached skill level 2 in Short Blades
  1135 | D:3      | Reached XP level 4. HP: 32/38 MP: 5/5
  1259 | D:3      | Reached skill level 3 in Short Blades
  1268 | D:3      | Reached XP level 5. HP: 12/45 MP: 6/6
  1428 | D:3      | Found a glowing drain.
  1441 | Sewer    | Entered a sewer
  1507 | Sewer    | Reached skill level 4 in Short Blades
  1533 | Sewer    | HP: 2/45 [river rat (6)]
  1536 | Sewer    | Slain by a river rat

Illustrated notes

Levels and vault maps discovered:
D:1:      dpeg_arrival_morbid_curiosity, layout_basic,
          hellmonk_ecumenical_altar_inner_sanctum, kennysheep_nondescript,
          minmay_misc_feat_tiny
D:2:      layout_basic, basic_altar
D:3:      cheibrodos_pilgrimage, layout_basic, cheibrodos_sewer_entry_drain,
          serial_bayou_pond_e
Sewer:    sewer_minmay_w

Skill      XL: |  1  2  3  4  5 |
---------------+----------------+-----
Long Blades    | 3 |  3.5
Short Blades   | 1 2 3 4 |  4.1
Fighting       | |  3.2
Armour         | |  3.6
Shields        | |  3.6

Action                     |  1- 3 |  4- 6 || total
---------------------------+-------+-------++-------
  Melee: Long sword        |    28 |       ||    28
         Short sword       |    53 |    91 ||   144
 Armour: Scale mail        |    25 |    31 ||    56
  Dodge: Dodged            |    29 |    42 ||    71
  Block: Buckler           |    25 |    24 ||    49

Table legend: (Time is in decaauts)
 A = Elapsed time spent in this place.
 B = Non-inter-level travel time spent in this place.
 C = Inter-level travel time spent in this place.
 D = Time resting spent in this place.
 E = Time spent auto-exploring this place.
 F = Levels seen in this place.
 G = Mean time per level.
                   A        B        C        D        E       F      G
               +--------+--------+--------+--------+--------+-----+--------+
         Total |   1542 |   1521 |     21 |      0 |   1150 |   4 |  385.5 |
       Dungeon |   1440 |   1419 |     21 |      0 |   1124 |   3 |  480.0 |
         Sewer |    101 |    101 |      0 |      0 |     25 |   1 |  101.0 |
               +--------+--------+--------+--------+--------+-----+--------+

Top non-repeatable levels by time:
     D:2: 612 daAuts
     D:3: 437 daAuts
     D:1: 390 daAuts
   Sewer: 101 daAuts
